 Dungeon Crawl Stone Soup version 0.31-a0-1227-g0136665373 (webtiles) character file.

Game seed: 8795774497435820043

922 ragingrage the Stinger (level 8, -1/52 (54) HPs)
             Began as a Human Wanderer on Dec 14, 2023.
             Slain by a wight
             ... wielding a +4 flail of freezing
              (6 damage)
             ... on level 6 of the Dungeon.
             The game lasted 00:09:52 (6944 turns).

ragingrage the Stinger (Human Wanderer)             Turns: 6944, Time: 00:09:53

HP:   -1/52 (54)    AC:  6    Str:  9 (10) XL:     8   Next: 31%
MP:   9/9           EV: 11    Int: 12 (14) God:
Gold: 280           SH:  0    Dex: 14 (16) Spells: 1/9 levels left

rFire   . . .        a - +0 quarterstaff
rCold   . . .        (shield currently unavailable)
rNeg    + + .        t - +2 robe {rN+}
rPois   .            p - +0 helmet
rElec   .            A - +0 cloak
rCorr   .            (no gloves)
SInv    .            (no boots)
Will    .....        (no amulet)
Stlth   ++           o - ring of positive energy
HPRegen 0.28/turn    (no ring)
MPRegen 0.11/turn

%: no passive effects
@: mighty, attractive, lightly drained
A: no striking features
a: no special abilities


You were on level 6 of the Dungeon.
You visited 1 branch of the dungeon, and saw 6 of its levels.

You collected 280 gold pieces.

Inventory:

Hand Weapons
 a - a +0 quarterstaff (weapon)
 c - a +0 dagger
 u - a +0 shortbow
 z - a +0 long sword
Missiles
 b - 8 boomerangs
 k - 6 javelins
 y - 3 poisoned darts
Armour
 p - a +0 helmet (worn)
 t - a +2 robe of positive energy (worn)
 A - a +0 cloak (worn)
Magical Staves
 D - a staff of earth
Jewellery
 e - a ring of resist corrosion
 o - a ring of positive energy (left hand)
Wands
 m - a wand of charming (5)
 B - a wand of polymorph (10)
Scrolls
 d - 2 scrolls of fog
 g - a scroll of blinking {unknown}
 i - a scroll of torment {unknown}
 l - a scroll of amnesia {unknown}
 n - 4 scrolls of teleportation
 q - 6 scrolls of identify {unknown}
 r - a scroll of noise {unknown}
Potions
 h - a potion of magic
 j - a potion of resistance
 s - a potion of heal wounds
 v - a potion of berserk rage {unknown}
 w - 3 potions of curing


   Skills:
 - Level 1.0 Fighting
 - Level 4.5 Staves
 - Level 2.0 Throwing
 - Level 1.0 Dodging
 - Level 2.0 Stealth
 - Level 1.0 Spellcasting
 + Level 2.1 Conjurations
 - Level 1.0 Transmutations
 - Level 2.0 Air Magic
 + Level 7.4 Poison Magic


You had one spell level left.
You knew the following spells:

 Your Spells              Type           Power      Damage    Failure   Level
a - Sting                 Tmut/Pois      40%        1d5       5%          1
b - Mephitic Cloud        Conj/Pois/Air  9%         N/A       19%         3
c - Olgreb's Toxic Radia  Pois           18%        N/A       14%         4

Your spell library contained the following spells:

 Spells                   Type           Power      Damage    Failure   Level
 Sandblast                Erth           0%         2d4       30%         1
 Passwall                 Tmut/Erth      0%         N/A       36%         2
 Stone Arrow              Conj/Erth      6%         3d7       52%         3
 Brom's Barrelling Bould  Conj/Erth      3%         2d3       89%         4


Dungeon Overview and Level Annotations

Branches:
Dungeon (6/15)
 Temple: D:4-7

Altars:
Cheibriados

Annotations:
D:1 2 transporters


Message History

You see here a +0 spear.
You now have 280 gold pieces (gained 13).
Done exploring.
(D) Dungeon
Where to? (Tab/Enter - D:5, ? - help)
There is an open door here.
There is a stone staircase leading down here.
You climb downwards.
The wight hits you with a +4 flail of freezing!
The wight freezes you. The wight barely misses you.
There is a stone staircase leading up, spattered with blood here.
Aiming: Charm
Press: ? - help, Shift-Dir - straight line, f - wight
Aim: a wight, wielding a +4 flail of freezing and wearing a +0 robe (chance to affect: 49%)
The wight resists with some effort.
The wight barely misses you.
Aiming: Charm
Press: ? - help, Shift-Dir - straight line, f/p - wight
Aim: a wight, wielding a +4 flail of freezing and wearing a +0 robe (chance to affect: 49%)
The wight resists with some effort.
The wight barely misses you.
It was a potion of attraction.
You feel attractive to monsters. The wight barely misses you.
It was a potion of curing.
You feel better.
The wight hits you with a +4 flail of freezing!
The wight freezes you.
It was a potion of degeneration.
There was something very wrong with that liquid.
You feel weakened.
You feel dopey.
You feel clumsy. The wight barely misses you.
You feel very mighty all of a sudden.
The wight hits you with a +4 flail of freezing!
You partially resist.
You feel drained. The wight freezes you.
You barely miss the wight.
The wight hits you with a +4 flail of freezing!
* * * LOW HITPOINT WARNING * * *
The wight freezes you.
* * * LOW HITPOINT WARNING * * *
You hit the wight.
The wight hits you with a +4 flail of freezing.
You die...

####### #...z@#
.###########.#####
......Sz))...#
.....#########
##'#.# ..# ...#
....# z.....


You could see a wight.

Vanquished Creatures
  A centaur (D:5)
  A phantom (D:5)
  A scorpion (D:5)
  A howler monkey (D:5)
  2 hounds (D:5)
  4 orc priests
  An iguana (D:5)
  A sleepcap (D:5)
  Jessica (D:2)
  Terence (D:3)
  6 orc wizards
  4 adders
  A white imp (D:5)
  2 ufetubi (D:5)
  A worm (D:3)
  2 dart slugs
  15 orcs
  4 endoplasms
  5 giant cockroaches
  10 goblins
  11 hobgoblins
  2 jackals (D:1)
  10 kobolds
  4 quokkas
  6 ball pythons
  8 bats
  2 frilled lizards
  4 rats
111 creatures vanquished.

Vanquished Creatures (collateral kills)
  A wight (D:6)
  An orc (D:6)
2 creatures vanquished.

Vanquished Creatures (others)
  2 wights (D:6)
  An orc wizard (D:6)
3 creatures vanquished.

Grand Total: 116 creatures vanquished

Notes
Turn   | Place    | Note
-------+----------+-------------------------------------------
     0 | D:1      | ragingrage the Human Wanderer began the quest for the Orb.
     0 | D:1      | ragingrage set off with the following items: a +0
                  | quarterstaff, 8 boomerangs, a +0 dagger, a scroll of fog, a
                  | +0 robe; and the following spell memorised: Sting; and the
                  | following spells available to memorise: Mephitic Cloud,
                  | Olgreb's Toxic Radiance.
     0 | D:1      | Reached XP level 1. HP: 15/15 MP: 2/2
   125 | D:1      | Reached XP level 2. HP: 16/21 MP: 0/3
   634 | D:1      | Reached XP level 3. HP: 11/26 MP: 4/4
   698 | D:1      | Learned a level 3 spell: Mephitic Cloud
  1303 | D:2      | Reached skill level 3 in Poison Magic
  1535 | D:2      | Found a snail-covered altar of Cheibriados.
  1564 | D:2      | Noticed Jessica
  1573 | D:2      | Killed Jessica
  1574 | D:2      | Reached XP level 4. HP: 32/32 MP: 0/5
  2569 | D:3      | Noticed Terence
  2748 | D:4      | Reached XP level 5. HP: 37/37 MP: 0/6
  2847 | D:5      | Entered Level 5 of the Dungeon
  3060 | D:5      | Noticed an ice beast
  3351 | D:5      | Noticed a centaur
  3367 | D:5      | Killed a centaur
  3368 | D:5      | Reached skill level 1 in Stealth
  3368 | D:5      | Reached skill level 1 in Conjurations
  3368 | D:5      | Reached skill level 1 in Air Magic
  3368 | D:5      | Reached XP level 6. HP: 28/43 MP: 0/7
  3751 | D:4      | Reached skill level 4 in Poison Magic
  4275 | D:3      | Killed Terence
  5000 | D:4      | Reached skill level 1 in Transmutations
  5116 | D:4      | Reached XP level 7. HP: 48/48 MP: 0/8
  5533 | D:5      | Reached skill level 5 in Poison Magic
  5820 | D:5      | Learned a level 4 spell: Olgreb's Toxic Radiance
  6025 | D:5      | Reached skill level 6 in Poison Magic
  6092 | D:5      | Reached XP level 8. HP: 54/54 MP: 3/9
  6583 | D:6      | Reached skill level 7 in Poison Magic
  6944 | D:6      | Slain by a wight

Illustrated notes

Levels and vault maps discovered:
D:1:      spicycebolla_arrival_transporter_tutorial, layout_basic,
          grunt_decor_clamped
D:2:      layout_loops_corners, basic_altar, uniq_jessica
D:3:      cheibrodos_greedy_goblins, layout_rooms, serial_bayou_lake_a,
          uniq_terence
D:4:      layout_rooms
D:5:      layout_loops_corners
D:6:      layout_basic, nicolae_overflow_hidden_temple,
          minmay_temple_entry_mist, uniq_menkaure, uniq_duvessa

Skill      XL: |  1  2  3  4  5  6  7  8 |
---------------+-------------------------+-----
Poison Magic   | 3 4 6 7 |  7.4
Staves         | 4 |  4.5
Stealth        | 1 2 |  2.0
Conjurations   | 1 2 |  2.1
Air Magic      | 1 2 |  2.0
Transmutations | 1 |  1.0
Fighting       | |  1.0
Throwing       | |  2.0
Dodging        | |  1.0
Spellcasting   | |  1.0

Action                     |  1- 3 |  4- 6 |  7- 9 || total
---------------------------+-------+-------+-------++-------
  Melee: Quarterstaff      |    66 |   117 |    70 ||   253
   Cast: Sting             |    38 |    93 |    79 ||   210
         Mephitic Cloud    |       |     5 |     2 ||     7
  Evoke: Wand              |       |     1 |     7 ||     8
    Use: Scroll            |       |     1 |       ||     1
         Potion            |       |     4 |     4 ||     8
   Stab: Confused          |       |     1 |       ||     1
 Armour: Robe              |    56 |   115 |    95 ||   266
  Dodge: Dodged            |    75 |   116 |    67 ||   258

Table legend: (Time is in decaauts)
 A = Elapsed time spent in this place.
 B = Non-inter-level travel time spent in this place.
 C = Inter-level travel time spent in this place.
 D = Time resting spent in this place.
 E = Time spent auto-exploring this place.
 F = Levels seen in this place.
 G = Mean time per level.
                   A        B        C        D        E       F      G
               +--------+--------+--------+--------+--------+-----+--------+
         Total |   6981 |   6703 |    278 |   1852 |   3410 |   6 | 1163.5 |
       Dungeon |   6981 |   6703 |    278 |   1852 |   3410 |   6 | 1163.5 |
               +--------+--------+--------+--------+--------+-----+--------+

Top non-repeatable levels by time:
     D:5: 1951 daAuts
     D:3: 1337 daAuts
     D:4: 1236 daAuts
     D:2: 1228 daAuts
     D:1: 1032 daAuts
     D:6: 194 daAuts
